 Dungeon Crawl Stone Soup version 0.25-b1-37-g2669288c55 (webtiles) character file.

Game seed: 5268907591020203037

1708826 HungrySpirit the Skullcrusher (level 27, 210/238 HPs)
             Began as a Gargoyle Fighter on June 6, 2020.
             Was the Champion of Okawaru.
             Escaped with the Orb
             ... and 3 runes on June 7, 2020!
             The game lasted 02:30:55 (68254 turns).

HungrySpirit the Skullcrusher (Gargoyle Fighter)   Turns: 68254, Time: 02:30:55

Health: 210/238    AC: 75    Str: 24 (25) XL:     27
Magic:  26/26      EV: 14    Int: 17 (19) God:    Okawaru [******]
Gold:   3087       SH: 22    Dex: 18      Spells: 26/26 levels left

rFire    + + +     SeeInvis +   l - +9 demon whip (elec)
rCold    + + .     Gourm    .   V - +2 kite shield {rPois}
rNeg     + + .     Faith    .   e - +14 crystal plate armour of Oblivion {rN+ rCorr}
rPois    ∞         Spirit   .   a - +2 helmet {SInv}
rElec    +         Reflect  +   O - scarf {rC+ rF+}
rCorr    +         Harm     .   q - +2 pair of gloves of Okawaru's Inspiration {Int+3 Stlth+}
MR       +++..                  T - +1 pair of boots {Stlth+}
Stlth    ..........             U - amulet of reflection (curse)
HPRegen  0.49/turn              t - ring of Gluttony {+Fly rF+ rC+ SInv Stlth-}
MPRegen  0.20/turn              x - ring of Susiuh {rF+ MR+ Dex+4}

@: flying, glowing
A: big wings, claws 1, clever 2, low mp 1, negative energy resistance 1, robust
2, electricity resistance, unbreathing, petrification resistance, rot immunity,
AC +20
0: Orb of Zot
}: 3/15 runes: decaying, silver, gossamer
a: Stop Flying, Heroism, Finesse, Renounce Religion


You escaped.
You worshipped Okawaru.
Okawaru was exalted by your worship.
You were not hungry.

You visited 9 branches of the dungeon, and saw 47 of its levels.
You visited 1 bazaar.
You also visited: Ossuary.

You collected 6319 gold pieces.
You spent 3232 gold pieces at shops.

Inventory:

Hand Weapons
 l - a +9 demon whip of electrocution (weapon)
 L - a +5 eveningstar of protection
Armour
 a - a +2 helmet of see invisible (worn)
 e - the +14 crystal plate armour of Oblivion (worn) {rN+ rCorr}
   (Okawaru gifted it to you on level 4 of the Spider Nest)

   It protects you from negative energy.
   It provides partial protection from all sources of acid and corrosion.
 q - the +2 pair of gloves of Okawaru's Inspiration (worn) {Int+3 Stlth+}
   (You found it on level 4 of the Spider Nest)

   It affects your intelligence (+3).
   It makes you more stealthy.
 O - a scarf of resistance (worn)
 T - a +1 pair of boots of stealth (worn)
 V - a +2 kite shield of poison resistance (worn)
Jewellery
 g - the ring of Wugomu {rN+ MP+9 EV+4 Int-2 Slay+6}
   (You acquired it on level 3 of the Vaults)

   [ring of evasion]

   It affects your evasion (+4).
   It affects your intelligence (-2).
   It affects your accuracy and damage with ranged weapons and melee attacks
   (+6).
   It protects you from negative energy.
   It affects your magic capacity (+9).
 t - the ring of Gluttony (left hand) {+Fly rF+ rC+ SInv Stlth-}
   (You took it off an ironbrand convoker on level 5 of the Vaults)

   [ring of see invisible]

   It protects you from fire.
   It protects you from cold.
   It lets you see invisible.
   It lets you fly.
   It makes you less stealthy.
 x - the ring of Susiuh (right hand) {rF+ MR+ Dex+4}
   (You bought it in a shop on level 2 of the Orcish Mines)

   [ring of protection from magic]

   It affects your dexterity (+4).
   It protects you from fire.
   It affects your resistance to hostile enchantments.
 F - an uncursed amulet of regeneration
 R - an uncursed ring of protection from magic
 U - a cursed amulet of reflection (around neck)
Wands
 i - a wand of random effects (8)
 s - a wand of flame (66)
 v - a wand of paralysis (14)
 w - a wand of polymorph (21)
 C - a wand of clouds (6)
 K - a wand of digging (3)
 N - a wand of iceblast (11)
 P - a wand of acid (13)
Scrolls
 h - a scroll of silence
 k - 8 scrolls of teleportation
 m - 28 scrolls of remove curse
 r - 6 scrolls of fear
 u - 5 scrolls of enchant armour
 y - 2 scrolls of holy word
 A - 9 scrolls of amnesia
 G - 6 scrolls of blinking
 I - 29 scrolls of identify
 W - 3 scrolls of fog
Potions
 b - 2 potions of heal wounds
 d - 2 potions of cancellation
 j - 7 potions of lignification
 n - 6 potions of invisibility
 o - 15 potions of curing
 p - 9 potions of mutation
 B - 6 potions of might
 D - 6 potions of magic
 E - 4 potions of brilliance
 J - 2 potions of resistance
 M - 5 potions of stabbing
 Q - 6 potions of berserk rage
 S - 4 potions of ambrosia
 Y - 4 potions of haste
Miscellaneous
 X - a lightning rod (4/4)
Comestibles
 f - 46 rations


   Skills:
 O Level 27 Fighting
 O Level 27 Maces & Flails
 * Level 23.8 Armour
 + Level 14.1 Dodging
 - Level 15.0 Shields
 - Level 8.0 Invocations


You had 26 spell levels left.
You didn't know any spells.
Your spell library contained the following spells:

 Spells                   Type           Power        Failure   Level  Hunger
 Beastly Appendage        Tmut           #.....       95%         1    ##.....
 Sting                    Tmut/Pois      #...         95%         1    ##.....
 Poisonous Vapours        Pois/Air       #.....       98%         2    ###....
 Sticks to Snakes         Tmut           #.......     98%         2    ###....
 Confusing Touch          Hex            #.......     100%        3    ####...
 Gell's Gravitas          Tloc           #.........   100%        3    ####...
 Ignite Poison            Fire/Tmut/Pois #.......     100%        3    ####...
 Mephitic Cloud           Conj/Pois/Air  #.......     100%        3    ####...
 Spider Form              Tmut/Pois      #.........   100%        3    ####...
 Ice Form                 Ice/Tmut       #.......     100%        4    #####..
 Olgreb's Toxic Radiance  Pois           #.......     100%        4    #####..
 Petrify                  Tmut/Erth      #.......     100%        4    #####..
 Blade Hands              Tmut           #.........   100%        5    ######.
 Metabolic Englaciation   Hex/Ice        #.........   100%        5    ######.
 Yara's Violent Unravell  Hex/Tmut       #.........   100%        5    ######.


Dungeon Overview and Level Annotations

Branches:
Dungeon (15/15)            Temple (1/1) D:4            Lair (6/6) D:8
  Swamp (4/4) Lair:3       Spider (4/4) Lair:4        Slime (0/5) Lair:5
    Orc (2/2) D:11            Elf (0/3) Orc:2        Vaults (5/5) D:14
  Crypt (0/3) Vaults:3     Depths (5/5) D:15            Zot (5/5) Depths:5
Ossuary (visited)

Altars:
Dithmenos
Elyvilon
Fedhas
Gozag
Hepliaklqana
Kikubaaqudgha
Makhleb
Nemelex Xobeh
Okawaru
Qazlal
Ru
Sif Muna
Trog
Uskayaw
Vehumet
Xom
Yredelemnul
Zin
Jiyva

Shops:
D:5 (   D:14 [   D:15 (   Orc:1 ?[[   Orc:2 %=}(   Vaults:1 :}%   Vaults:2 *([
Depths:1 (

Portals:
Hell: Depths:3 Depths:4 Depths:5
Abyss: Depths:4
Pandemonium: Depths:3

Annotations:
Lair:3 3 runed translucent doors, Befuwnopp's ghost, journeyman TrHu; Irhican's ghost, journeyman MiBe; Kubamp's ghost, journeyman DEAE
Vaults:3 3 runed translucent doors, Eldin's ghost, veteran DEWz
Depths:3 exclusion: 2 upstairs
Depths:4 exclusion: 2 upstairs
Depths:5 3 runed translucent doors, exclusions: orange crystal statue and upstairs, Fips's ghost, adept TrMo
Zot:4 exclusion: upstairs


Innate Abilities, Weirdness & Mutations

You are resistant to torment.
Your stone body is resilient. (AC +20)
You are immune to poison.
Your large and strong wings let you fly indefinitely.
You resist negative energy. (rN+)
You are resistant to electric shocks. (rElec)
You can survive without breathing.
You are immune to petrification.
You are immune to rotting.
You have sharp fingernails.
Your mind is very acute. (Int +4)
Your magical capacity is low. (-10% MP)
You are very robust. (+20% HP)


Message History

There is a staircase leading out of the dungeon here.
Okay, then.
Okay, then.
Really quaff the potion of mutation?
You feel extremely strange.
You feel a little healthier.
You feel healthier.
Your vision sharpens a little.
Your fingernails lengthen.
You feel robust. x2; You feel agile.
Really quaff the potion of mutation?
You feel extremely strange.
You feel clumsy.
Your vision sharpens.
You feel clever.
You feel less energetic.
You feel clever. x2
Okay, then.
You start resting.
You hear a grinding noise. x2
A seraph comes into view.
It is wielding a +4 great sword of flaming.
Press: ? - help, v - describe, . - travel A staircase leading out of the dungeon.
This square is lit by a halo and is covered in magical glow.
Some rock shatters into small pieces.
You have escaped!

...#
#.#..#≈≈≈≈..≈............#.
...#
#.......≈≈≈≈≈≈...........#.
...#
####.###.....≈≈≈.........#.
...# #......2.....#..........##
...# #.#...#...####.####.......
#### #.#...#......#A..)........
######.###...#'.#A..#)#........
#...........##.#..A.#.......###
#.#########.+.@>.+.######......
#.# ##......##.###...§..#.#####
#.# #.^≈≈≈≈..#'##..≈≈≈§...# #.#
#.≈≈≈≈≈≈.....§≈§≈§≈≈..# #.#
#.≈≈≈≈≈≈.....§≈§≈≈≈≈..# #.#
#.≈≈≈≈≈≈.....§§≈≈≈≈≈..# #.#
#..≈≈≈≈...##...§≈≈≈...# #.#
##.......###.....(....# #.#
##.####### #.........##


You could see a seraph, a daeva (wandering), an angel (wandering) and a
cacodemon.

Vanquished Creatures
  7 ancient liches
  5 orbs of fire
  Mara (Vaults:4)
  Boris (twice) (Vaults:5 Depths:4)
  Frederick (Vaults:4)
  5 Killer Klowns (Zot:5)
  Xtahua (Vaults:4)
  5 caustic shrikes (Depths:3)
  A curse toe (Zot:5)
  10 golden dragons
  Arachne (Spider:3)
  3 electric golems
  25 Orb Guardians (Zot:5)
  15 tentacled monstrosities
  Rupert (D:13)
  An Ice Fiend (Depths:5)
  4 liches
  4 quicksilver dragons
  3 titans (Vaults:5)
  An acid blob (Depths:5)
  An Executioner (D:10)
  7 death cobs
  Frances (Swamp:1)
  Kirke (Lair:5)
  A thorn hunter (Swamp:2)
  8 sphinxes
  13 shadow dragons
  9 draconian monks
  11 storm dragons
  14 fire giants
  4 azure jellies (Depths:5)
  A deep elf sorcerer (Vaults:4)
  5 ghost moths
  7 tengu reavers
  2 iron dragons
  8 frost giants
  4 emperor scorpions
  5 draconian knights
  5 draconian scorchers (Zot:1)
  17 vault wardens
  2 cacodemons (Vaults:3)
  3 draconian stormcallers (Zot:1)
  5 draconian shifters
  A deep elf elementalist (Vaults:5)
  A ghoul (Vaults:4)
  An angel (D:15)
  8 draconian annihilators
  2 entropy weavers
  17 ironheart preservers
  40 very ugly things
  2 war gargoyles
  12 stone giants
  Nessos (D:13)
  15 black draconians
  2 lorocyprocas
  4 vampire knights
  5 green draconians
  11 white draconians
  10 purple draconians
  10 spark wasps
  2 deep elf annihilators (Vaults:4)
  11 yellow draconians
  7 red draconians
  An ettin (shapeshifter) (Vaults:3)
  3 green deaths
  5 death oozes (Depths:5)
  3 deep elf death magi
  10 fire dragons
  9 ettins
  7 great orbs of eyes
  2 deep elf high priests (Vaults:5)
  A merfolk impaler (Depths:3)
  21 yaktaur captains
  Josephine (D:11)
  A hell beast (Zot:1)
  3 rakshasas
  36 vault guards
  11 hydras
  4 shambling mangroves
  3 ghost crabs
  2 spriggan air magi
  5 death knights
  8 ice dragons
  76 two-headed ogres
  An anaconda (shapeshifter) (Vaults:2)
  23 ogre magi
  5 dancing weapons
  8 deep troll shamans
  8 centaur warriors
  A tengu warrior (Depths:3)
  3 vampire magi
  7 alligators
  7 deep troll earth magi
  A shock serpent (shapeshifter) (Vaults:5)
  Urug (D:14)
  An orc high priest (Orc:2)
  Sonja (Lair:2)
  3 deep elf knights (Vaults:4)
  7 hell knights (Depths:3)
  An iron troll (shapeshifter) (Vaults:5)
  A fire crab (Lair:6)
  A sun demon (Depths:3)
  A salamander mystic (Depths:4)
  A shadow wraith (Vaults:4)
  18 skeletal warriors
  6 iron trolls
  2 spriggan druids
  An unseen horror (shapeshifter) (Vaults:2)
  3 glowing orange brains
  22 ironbrand convokers
  5 wizards
  4 deep elf archers
  A gelid demonspawn (Depths:3)
  5 flayed ghosts
  A tengu zombie (Vaults:4)
  2 swamp dragons (shapeshifter)
  28 deep trolls
  9 unseen horrors
  A harpy (shapeshifter) (Vaults:5)
  A golden dragon skeleton (Depths:4)
  7 swamp dragons
  A lindwurm (shapeshifter) (Vaults:4)
  18 orc knights
  4 necromancers
  3 harpies (Vaults:4)
  6 phantasmal warriors
  8 deep elf magi
  Pikel (D:6)
  19 orb spiders
  A wolf spider zombie (D:14)
  45 ugly things
  A fire giant zombie (Vaults:4)
  4 manticores
  A manticore (shapeshifter) (Vaults:5)
  28 wolf spiders
  A shadow dragon skeleton (Depths:4)
  2 orc sorcerers
  2 salamanders (Depths:5)
  A tengu skeleton (Depths:4)
  8 cyclopes
  5 large abominations
  5 elephants
  16 moths of wrath
  A frost giant skeleton (Depths:4)
  A black mamba (shapeshifter) (D:15)
  2 centaur skeletons
  A rust devil (Depths:3)
  2 guardian serpents (shapeshifter) (Vaults:4)
  2 orange demons (Swamp:4)
  2 torpor snails
  12 vault sentinels
  6 black mambas
  2 molten gargoyles (Lair:6)
  A spiny frog (shapeshifter) (D:13)
  20 spiny frogs
  8 demonic crawlers
  2 komodo dragons (shapeshifter) (Depths:3)
  14 komodo dragons
  Maggie (D:6)
  3 kobold demonologists (D:15)
  8 freezing wraiths
  A rime drake (Lair:3)
  35 yaktaurs
  A tengu conjurer (Depths:5)
  A hellwing (Depths:3)
  3 human skeletons (Vaults:4)
  3 yaktaur skeletons (Vaults:4)
  A queen bee (Spider:4)
  An ice devil (Depths:3)
  A harpy zombie (D:14)
  9 trolls
  A meliai (shapeshifter) (Vaults:5)
  3 tyrant leeches
  40 jumping spiders
  3 meliai (Spider:4)
  A jumping spider (shapeshifter) (D:15)
  A polar bear (Lair:6)
  A polar bear (shapeshifter) (Vaults:4)
  A wolf spider simulacrum (D:15)
  A wind drake (shapeshifter) (Vaults:2)
  52 slime creatures
  17 hornets
  Grinder (D:3)
  5 bog bodies
  A dream sheep (shapeshifter) (Vaults:5)
  10 hippogriffs
  17 blink frogs
  33 tarantellas
  2 centaur simulacra (D:15)
  A redback (shapeshifter) (D:15)
  6 spriggans
  A yak (shapeshifter) (D:13)
  105 redbacks
  8 shadows
  18 yaks
  2 spriggans (shapeshifter)
  9 water elementals
  5 hogs
  A tarantella (shapeshifter) (Vaults:5)
  12 wraiths
  4 wyverns
  17 humans
  6 basilisks
  3 vampires
  3 humans (shapeshifter)
  4 fire elementals
  A golden eye (shapeshifter) (Depths:3)
  A human simulacrum (Vaults:2)
  2 steam dragons
  4 chaos spawn (Depths:4)
  33 vampire mosquitoes
  9 wargs
  14 swamp worms
  A floating eye (Depths:3)
  3 hell hounds (Lair:6)
  An acid dragon (D:14)
  2 floating eyes (shapeshifter)
  6 porcupines
  6 swamp drakes
  8 water moccasins
  A meliai simulacrum (D:14)
  A swamp drake (shapeshifter) (Vaults:2)
  39 orc warriors
  Duvessa (D:6)
  2 phantoms
  8 sky beasts
  A slave (D:6)
  2 black bears
  An ettin simulacrum (Vaults:4)
  2 eyes of draining
  6 ice beasts
  61 ogres
  A necrophage (D:11)
  3 wolves (Lair:2)
  15 centaurs
  9 boggarts
  An elf skeleton (Vaults:4)
  4 crocodiles
  3 big kobolds
  11 bullfrogs
  6 small abominations
  A water moccasin zombie (D:8)
  Dowan (D:6)
  A wyvern skeleton (D:13)
  3 scorpions
  17 killer bees
  9 wights
  3 electric eels
  2 howler monkeys (D:11)
  4 lava snakes (Lair:6)
  7 bullfrog zombies
  13 centaur zombies
  13 crimson imps
  3 quasits
  9 hounds
  2 bullfrog skeletons (D:11)
  18 orc priests
  6 jellies
  Crazy Yiuf (D:3)
  3 iguanas
  19 orc wizards
  10 worker ants
  2 killer bee zombies (Ossuary)
  5 hound zombies
  A hound skeleton (D:4)
  8 mummies (Ossuary)
  A howler monkey zombie (Ossuary)
  3 worker ant zombies
  14 adders
  4 gnolls (D:5)
  A howler monkey skeleton (D:8)
  7 shadow imps
  3 white imps
  An ufetubus (Depths:3)
  6 oozes
  2 adder skeletons (D:4)
  5 adder zombies (Ossuary)
  2 worms
  2 dart slugs (D:1)
  5 leopard geckos
  96 orcs
  5 giant cockroaches
  11 goblins
  9 hobgoblins
  7 jackals
  15 kobolds
  3 quokkas
  A ball python (D:5)
  A ball python zombie (Ossuary)
  9 bats
  12 frilled lizards
  2 leopard gecko zombies (Ossuary)
  A quokka skeleton (D:2)
  A quokka zombie (Ossuary)
  7 rats
  A fungus (Lair:5)
  A withered plant (Ossuary)
2189 creatures vanquished.

Vanquished Creatures (collateral kills)
  3 yaks (Lair:4)
3 creatures vanquished.

Vanquished Creatures (others)
  A shadow dragon (Depths:5)
  An ogre mage (Orc:2)
  A two-headed ogre (Orc:2)
  A redback (Spider:4)
  A human (Lair:5)
  A swamp worm (D:8)
  An orc warrior (Orc:2)
  7 ogres
  A centaur (D:6)
  A bullfrog (D:13)
  A scorpion (D:7)
  A howler monkey (D:7)
  3 orc priests
  4 orc wizards
  A worker ant (D:7)
  An adder (D:7)
  An ooze (Lair:5)
  6 orcs
  9 fungi
  17 plants
  2 withered plants (Lair:3)
62 creatures vanquished.

Grand Total: 2254 creatures vanquished

Notes
Turn   | Place    | Note
-------+----------+-------------------------------------------
     0 | D:1      | HungrySpirit the Gargoyle Fighter began the quest for the
                  | Orb.
     0 | D:1      | Reached XP level 1. HP: 14/14 MP: 1/1
    30 | D:1      | Reached XP level 2. HP: 13/19 MP: 2/2
   313 | D:1      | Reached XP level 3. HP: 24/24 MP: 3/3
  1197 | D:2      | Reached XP level 4. HP: 29/29 MP: 4/4
  2385 | D:3      | Reached XP level 5. HP: 34/34 MP: 5/5
  2446 | D:3      | Found a runed translucent door.
  2447 | D:3      | Noticed Crazy Yiuf
  2470 | D:3      | Killed Crazy Yiuf
  2674 | D:3      | Noticed a black bear
  3074 | D:3      | Reached skill level 5 in Maces & Flails
  3079 | D:3      | Reached XP level 6. HP: 40/40 MP: 6/6
  3257 | D:3      | Killed a black bear
  3257 | D:3      | Reached skill level 5 in Fighting
  3323 | D:3      | Noticed Grinder
  3344 | D:3      | Paralysed by Grinder for 3 turns
  3359 | D:3      | Killed Grinder
  3359 | D:3      | Reached XP level 7. HP: 36/45 MP: 7/7
  3778 | D:4      | Found a blossoming altar of Fedhas.
  3780 | D:4      | Found a burning altar of Makhleb.
  3788 | D:4      | Found a radiant altar of Vehumet.
  3806 | D:4      | Found a staircase to the Ecumenical Temple.
  4485 | Temple   | Entered the Ecumenical Temple
  4508 | Temple   | Became a worshipper of Warmaster Okawaru
  4533 | D:5      | Entered Level 5 of the Dungeon
  4754 | D:5      | Found Helaf's Antique Weapon Emporium.
  4768 | D:5      | Reached XP level 8. HP: 47/52 MP: 8/8
  5127 | D:5      | Reached skill level 1 in Dodging
  5284 | D:5      | Reached * piety under Okawaru
  5619 | D:6      | Noticed Pikel
  5631 | D:6      | Killed Pikel
  5631 | D:6      | Reached XP level 9. HP: 51/57 MP: 6/9
  5657 | D:6      | Found a sand-covered staircase.
  5667 | Ossuary  | Entered an ossuary
  6026 | Ossuary  | Reached ** piety under Okawaru
  6026 | Ossuary  | Reached skill level 5 in Armour
  6061 | Ossuary  | Reached skill level 5 in Shields
  6228 | D:6      | Noticed Maggie
  6248 | D:6      | Killed Maggie
  6677 | D:6      | Noticed Duvessa
  6677 | D:6      | Noticed Dowan
  6695 | D:6      | Killed Duvessa
  6699 | D:6      | Killed Dowan
  7102 | D:7      | Found a sacrificial altar of Ru.
  7164 | D:7      | Reached *** piety under Okawaru
  7378 | D:7      | Found a hazy altar of Hepliaklqana.
  7394 | D:7      | Reached XP level 10. HP: 59/64 MP: 10/10
  7459 | D:7      | Reached skill level 10 in Maces & Flails
  7688 | D:7      | Found a shimmering altar of Xom.
  7954 | D:7      | Found a white marble altar of Elyvilon.
  8149 | D:8      | Reached **** piety under Okawaru
  8816 | D:8      | Found a staircase to the Lair.
  9461 | D:9      | Found a shadowy altar of Dithmenos.
  9861 | D:9      | Reached XP level 11. HP: 60/71 MP: 11/11
 10106 | D:10     | Entered Level 10 of the Dungeon
 10124 | D:10     | Reached skill level 5 in Dodging
 10576 | D:10     | Reached ***** piety under Okawaru
 11476 | D:11     | Noticed a manticore
 11482 | D:11     | Noticed a two-headed ogre
 11488 | D:11     | Killed a two-headed ogre
 11497 | D:11     | Killed a manticore
 11497 | D:11     | Received a gift from Okawaru
 12468 | Lair:1   | Entered Level 1 of the Lair of Beasts
 12802 | Lair:1   | Reached skill level 10 in Fighting
 13413 | Lair:2   | Received a gift from Okawaru
 13469 | Lair:2   | Received a gift from Okawaru
 14123 | Lair:1   | Reached XP level 12. HP: 73/77 MP: 12/12
 14587 | Lair:2   | Noticed Sonja
 14590 | Lair:2   | Killed Sonja
 15589 | Lair:3   | Found a staircase to the Swamp.
 15655 | Lair:3   | Received a gift from Okawaru
 15700 | Lair:3   | Found a runed translucent gate.
 15700 | Lair:3   | Found a runed translucent gate.
 15700 | Lair:3   | Found a runed translucent gate.
 15701 | Lair:3   | Noticed Kubamp's ghost (journeyman DEAE)
 15701 | Lair:3   | Noticed Irhican's ghost (journeyman MiBe)
 15702 | Lair:3   | Noticed Befuwnopp's ghost (journeyman TrHu)
 17266 | Lair:4   | Found a hole to the Spider Nest.
 17887 | Lair:5   | Noticed Kirke
 17906 | Lair:5   | Killed Kirke
 17906 | Lair:5   | Reached XP level 13. HP: 46/84 MP: 13/13
 18293 | Lair:5   | You fall into a shaft and drop 1 floor!
 18293 | Lair:6   | Entered Level 6 of the Lair of Beasts
 18816 | Lair:5   | Found a staircase to the Slime Pits.
 19454 | Lair:6   | Received a gift from Okawaru
 22063 | Lair:6   | Found a large runed translucent door.
 22071 | Lair:6   | Noticed a fire dragon
 22265 | Lair:6   | Found a large runed translucent door.
 22301 | Lair:6   | Killed a fire dragon
 23108 | D:11     | Reached skill level 15 in Maces & Flails
 23150 | D:11     | Found a staircase to the Orcish Mines.
 23182 | Orc:1    | Entered Level 1 of the Orcish Mines
 23188 | Orc:1    | Noticed Josephine
 23310 | D:11     | Killed Josephine
 23310 | D:11     | Reached skill level 10 in Shields
 23509 | Orc:1    | Found Ygaah's Antique Armour Shop.
 23549 | Orc:2    | Entered Level 2 of the Orcish Mines
 23549 | Orc:2    | Found a gateway to a bazaar.
 23584 | Bazaar   | Entered a bazaar
 23686 | Bazaar   | Found Futyzir's Magic Scroll Shop.
 23700 | Bazaar   | Found Tude's Food Boutique.
 23729 | Bazaar   | Found Kepooll's Food Boutique.
 23743 | Bazaar   | Found Ogempeg's Armour Shop.
 23757 | Bazaar   | Found Ujill's Food Boutique.
 24104 | Orc:2    | Found a staircase to the Elven Halls.
 24161 | Orc:1    | Found Yduute's Magic Scroll Emporium.
 24161 | Orc:1    | Found Ecanwica's Antique Armour Shoppe.
 24161 | Orc:1    | Noticed an ettin
 24170 | Orc:2    | Killed an ettin
 24170 | Orc:2    | Gained mutation: Your large and strong wings let you fly
                  | indefinitely. [Gargoyle growth]
 24170 | Orc:2    | Reached XP level 14. HP: 92/92 MP: 14/14
 24180 | Orc:2    | Reached skill level 10 in Armour
 24568 | Orc:1    | Bought a pair of glowing boots for 187 gold pieces
 24568 | Orc:1    | Bought a brightly glowing scale mail for 225 gold pieces
 24569 | Orc:1    | Identified the cursed +1 scale mail of Sif Muna's Scorn
                  | {+Blink rElec Str+3} (You bought it in a shop on level 1 of
                  | the Orcish Mines)
 25342 | Orc:2    | Reached ****** piety under Okawaru
 26383 | Orc:2    | Received a gift from Okawaru
 26562 | Orc:2    | Found Suteres's Antique Weapon Emporium.
 26562 | Orc:2    | Found Awing's Jewellery Boutique.
 26563 | Orc:2    | Found Ciaqifutsa's Gadget Boutique.
 26563 | Orc:2    | Found Ache's Food Shoppe.
 26734 | Orc:2    | Bought the ring of Susiuh {rF+ MR+ Dex+4} for 568 gold
                  | pieces
 26736 | Orc:2    | Bought a cursed amulet of reflection for 324 gold pieces
 27054 | Orc:1    | Bought a shiny helmet for 262 gold pieces
 27446 | D:12     | Found an opulent altar of Gozag.
 28112 | D:13     | Received a gift from Okawaru
 28112 | D:13     | Reached XP level 15. HP: 88/99 MP: 15/15
 28229 | D:13     | Noticed Rupert
 28261 | D:13     | Killed Rupert
 28696 | D:13     | Noticed Nessos
 28726 | D:13     | Killed Nessos
 28830 | D:14     | Found a gate to the Vaults.
 28830 | D:14     | Noticed Urug
 29028 | Spider:1 | Entered Level 1 of the Spider Nest
 30053 | Spider:1 | Received a gift from Okawaru
 30712 | Spider:1 | Received a gift from Okawaru
 30715 | Spider:1 | Got a crystal mace {god gift}
 30716 | Spider:1 | Identified the +12 mace of Delicate Blind Justice {drain,
                  | Dex+10} (Okawaru gifted it to you on level 1 of the Spider
                  | Nest)
 31309 | Spider:2 | Reached XP level 16. HP: 106/106 MP: 16/16
 32205 | Spider:3 | Received a gift from Okawaru
 32639 | Spider:3 | Received a gift from Okawaru
 32697 | Spider:3 | Noticed Arachne
 32726 | Spider:3 | Killed Arachne
 33118 | Spider:3 | Identified the Guide on the Frostbite and Contamination
 33256 | Spider:4 | Entered Level 4 of the Spider Nest
 34009 | Spider:4 | Got a pair of pitted gloves
 34021 | Spider:4 | Identified the +2 pair of gloves of Okawaru's Inspiration
                  | {Int+3 Stlth+} (You found it on level 4 of the Spider Nest)
 34083 | Spider:4 | Received a gift from Okawaru
 34574 | Spider:4 | Identified a scroll of acquirement
 34779 | Spider:4 | Received a gift from Okawaru
 34784 | Spider:4 | Got an ichor-stained crystal plate armour {god gift}
 34786 | Spider:4 | Identified the +14 crystal plate armour of Oblivion {rN+
                  | rCorr} (Okawaru gifted it to you on level 4 of the Spider
                  | Nest)
 35261 | Spider:4 | Reached skill level 15 in Fighting
 35819 | Spider:4 | Reached XP level 17. HP: 104/113 MP: 17/17
 36470 | Spider:4 | Got a gossamer rune of Zot
 36621 | Swamp:1  | Entered Level 1 of the Swamp
 36820 | Swamp:1  | Noticed Frances
 36831 | Swamp:1  | Killed Frances
 36831 | Swamp:1  | Received a gift from Okawaru
 38732 | Swamp:3  | Noticed a tentacled monstrosity
 38758 | Swamp:3  | Killed a tentacled monstrosity
 39594 | Swamp:4  | Entered Level 4 of the Swamp
 39876 | Swamp:4  | Noticed a tentacled monstrosity
 39879 | Swamp:4  | Reached XP level 18. HP: 122/122 MP: 18/18
 39895 | Swamp:4  | Killed a tentacled monstrosity
 40275 | Swamp:4  | Received a gift from Okawaru
 40571 | Swamp:4  | Got a decaying rune of Zot
 41190 | D:14     | Killed Urug
 41563 | D:14     | Found Iletruo's Armour Emporium.
 41643 | D:14     | Found a blossoming altar of Fedhas.
 41969 | D:14     | Found a large runed translucent door.
 41973 | D:14     | Found a large runed translucent door.
 42192 | Vaults:1 | Entered Level 1 of the Vaults
 42313 | Vaults:1 | Received a gift from Okawaru
 42773 | Vaults:1 | Found Keoqupt's Gadget Shoppe.
 42854 | Vaults:1 | Found Suciwky's Food Shoppe.
 43007 | Vaults:1 | Reached skill level 1 in Invocations
 43041 | Vaults:1 | Reached XP level 19. HP: 126/128 MP: 18/20
 43667 | Vaults:1 | Found Paoriy's Book Shop.
 43796 | Vaults:2 | Reached skill level 15 in Shields
 43875 | Vaults:2 | Reached skill level 15 in Armour
 43927 | Vaults:2 | Received a gift from Okawaru
 43928 | Vaults:2 | Found the +15 Maxwell's patent armour {-Cast -Tele rElec
                  | MR+ rCorr}
 44091 | Vaults:2 | Found Noqeagri's Weapon Emporium.
 44359 | Vaults:2 | Found Fun Qeis's Armour Shoppe.
 44983 | Vaults:2 | Found Ifennel's General Store.
 45174 | Vaults:2 | Reached skill level 5 in Invocations
 45282 | Vaults:2 | Received a gift from Okawaru
 45849 | Vaults:3 | Reached XP level 20. HP: 114/137 MP: 24/24
 46305 | Vaults:2 | Received a gift from Okawaru
 46501 | Vaults:3 | Reached skill level 10 in Dodging
 46504 | Vaults:3 | Received a gift from Okawaru
 47802 | Vaults:3 | Found a runed translucent gate.
 47802 | Vaults:3 | Found a runed translucent gate.
 47802 | Vaults:3 | Found a runed translucent gate.
 47841 | Vaults:3 | Found a staircase to the Crypt.
 47841 | Vaults:3 | Found a basalt altar of Yredelemnul.
 47842 | Vaults:3 | Found an ancient bone altar of Kikubaaqudgha.
 47973 | Vaults:3 | Got the ring of Wugomu {rN+ MP+9 EV+4 Int-2 Slay+6}
 48146 | Vaults:3 | Gained mutation: You are dopey. (Int -2) [a cacodemon]
 48233 | Vaults:3 | Received a gift from Okawaru
 48233 | Vaults:3 | Reached XP level 21. HP: 144/144 MP: 27/27
 48591 | Vaults:3 | Found a runed translucent gate.
 48591 | Vaults:3 | Found a runed translucent gate.
 48596 | Vaults:3 | Found a runed translucent gate.
 48596 | Vaults:3 | Noticed Eldin's ghost (veteran DEWz)
 48715 | Vaults:4 | Noticed Frederick
 48729 | Vaults:4 | Killed Frederick
 48966 | Vaults:4 | Noticed Mara
 49020 | Vaults:4 | Noticed HungrySpirit's illusion
 49030 | Vaults:4 | Killed Mara
 49815 | Vaults:4 | Noticed Xtahua
 49841 | Vaults:4 | Killed Xtahua
 49841 | Vaults:4 | Received a gift from Okawaru
 49865 | Vaults:4 | Got a pitted glaive {god gift}
 49871 | Vaults:4 | Identified the +8 glaive "Guefix" {speed, rElec Int+2}
                  | (Okawaru gifted it to you on level 4 of the Vaults)
 50702 | Vaults:5 | Entered Level 5 of the Vaults
 50720 | Vaults:4 | Reached XP level 22. HP: 139/153 MP: 28/28
 50911 | Vaults:4 | Received a gift from Okawaru
 51214 | Vaults:4 | Received a gift from Okawaru
 51372 | Vaults:5 | Noticed a golden dragon
 51395 | Vaults:4 | Killed a golden dragon
 51755 | Vaults:4 | Received a gift from Okawaru
 51760 | Vaults:4 | Got a glimmering buckler {god gift}
 51761 | Vaults:4 | Identified the +1 buckler of Modern Amelioration {Int+2
                  | Dex+5} (Okawaru gifted it to you on level 4 of the Vaults)
 51874 | Vaults:5 | Identified the +8 dagger of Okhleuf {antimagic, Int+2}
 52209 | Vaults:5 | Got a warped golden ring
 52210 | Vaults:5 | Identified the ring "Jiomnem" {Ice Int+2 SInv} (You found
                  | it on level 5 of the Vaults)
 52211 | Vaults:5 | Noticed an ancient lich
 52229 | Vaults:5 | Killed an ancient lich
 52237 | Vaults:5 | Noticed a golden dragon
 52242 | Vaults:5 | Killed a golden dragon
 52436 | Vaults:5 | Found the cursed necklace of Bloodlust {*Rage +Rage MR++
                  | Int-3 Slay+6 *Curse}
 52446 | Vaults:5 | Reached XP level 23. HP: 160/160 MP: 29/29
 52553 | Vaults:5 | Noticed a golden dragon
 52567 | Vaults:5 | Killed a golden dragon
 52680 | Vaults:5 | Got a silver rune of Zot
 52711 | Vaults:5 | Noticed Boris
 52734 | Vaults:5 | Killed Boris
 52734 | Vaults:5 | Received a gift from Okawaru
 53746 | Vaults:5 | Identified the +7 plate armour of Qocuucis {rC++ rN+ Int+7}
 53775 | Vaults:5 | Identified the +6 morningstar "Simmo" {freeze, rElec rF+
                  | MP+9}
 53775 | Vaults:5 | Identified the ring of Mistrust {+Fly rC- MR+++ MP+9 Str-5}
 53817 | Vaults:5 | Found the +5 scythe "Finisher" {speed, eviscerate}
 53848 | Vaults:5 | Identified the +4 short sword "Doblo" {holy, *Drain rN+
                  | Int+3}
 53848 | Vaults:5 | Identified the ring of Gluttony {+Fly rF+ rC+ SInv Stlth-}
 53894 | Vaults:5 | Received a gift from Okawaru
 54281 | Orc:1    | Bought 2 scrolls of acquirement for 1456 gold pieces
 54281 | Orc:1    | Bought 2 scrolls of enchant weapon for 210 gold pieces
 54450 | D:15     | Entered Level 15 of the Dungeon
 54691 | D:15     | Found Soviphan's Weapon Shop.
 54806 | D:15     | Found a staircase to the Depths.
 55173 | D:15     | Found a glowing silver altar of Zin.
 55328 | Depths:1 | Entered Level 1 of the Depths
 55329 | Depths:1 | Found Guwoti's Weapon Shoppe.
 55453 | Depths:3 | Reached XP level 24. HP: 169/169 MP: 28/29
 55706 | Depths:3 | Paralysed by a floating eye for 3 turns
 55997 | Depths:3 | Noticed a caustic shrike
 55997 | Depths:3 | Noticed a caustic shrike
 55997 | Depths:3 | Noticed a caustic shrike
 55997 | Depths:3 | Noticed a caustic shrike
 55997 | Depths:3 | Noticed a caustic shrike
 56025 | Depths:3 | Killed a caustic shrike
 56039 | Depths:3 | Killed a caustic shrike
 56039 | Depths:3 | Received a gift from Okawaru
 56053 | Depths:3 | Killed a caustic shrike
 56058 | Depths:3 | Killed a caustic shrike
 56068 | Depths:3 | Killed a caustic shrike
 56661 | Depths:3 | Received a gift from Okawaru
 56922 | Depths:3 | Found a one-way gate leading to the halls of Pandemonium.
 57092 | Depths:3 | Found a gateway to Hell.
 57120 | Depths:3 | Reached skill level 27 in Maces & Flails
 57644 | Depths:4 | Received a gift from Okawaru
 57644 | Depths:4 | Reached XP level 25. HP: 175/178 MP: 29/29
 57669 | Depths:4 | Noticed Boris
 57708 | Depths:4 | Killed Boris
 58143 | Depths:4 | Found a one-way gate to the infinite horrors of the Abyss.
 58430 | Depths:5 | Entered Level 5 of the Depths
 58430 | Depths:5 | Found a runed translucent gate.
 58430 | Depths:5 | Found a runed translucent gate.
 58430 | Depths:5 | Found a runed translucent gate.
 58715 | Depths:5 | Found a viscous altar of Jiyva.
 58716 | Depths:5 | Noticed Fips's ghost (adept TrMo)
 59356 | Depths:5 | Found a gate to the Realm of Zot.
 60040 | Depths:5 | Found a viscous altar of Jiyva.
 60044 | Depths:5 | Received a gift from Okawaru
 60243 | Zot:1    | Entered Level 1 of the Realm of Zot
 60435 | Zot:1    | Received a gift from Okawaru
 60844 | Zot:1    | Reached XP level 26. HP: 184/191 MP: 29/29
 61444 | Zot:1    | Received a gift from Okawaru
 64258 | Zot:4    | Received a gift from Okawaru
 64658 | Zot:5    | Entered Level 5 of the Realm of Zot
 64774 | Zot:5    | Reached XP level 27. HP: 183/197 MP: 29/29
 64801 | Zot:5    | Reached skill level 27 in Fighting
 65327 | Zot:5    | Noticed an ancient lich
 65334 | Zot:5    | Noticed an orb of fire
 65335 | Zot:5    | Noticed an orb of fire
 65342 | Zot:5    | Noticed an orb of fire
 65348 | Zot:5    | Noticed an ancient lich
 65358 | Zot:5    | Noticed an orb of fire
 65362 | Zot:5    | Noticed an orb of fire
 65364 | Zot:5    | Gained mutation: You possess an exceptional clarity of
                  | mind. [an orb of fire]
 65369 | Zot:5    | Killed an orb of fire
 65376 | Zot:5    | Gained mutation: You are very dopey. (Int -4) [an orb of
                  | fire]
 65381 | Zot:5    | Gained mutation: You occasionally shout uncontrollably at
                  | your foes. [an orb of fire]
 65382 | Zot:5    | Gained mutation: Scrolls take you a little longer to read.
                  | [an orb of fire]
 65394 | Zot:5    | Lost mutation: You possess an exceptional clarity of mind.
                  | [an orb of fire]
 65407 | Zot:4    | Gained mutation: Your body sometimes deteriorates upon
                  | taking damage. [an orb of fire]
 65412 | Zot:4    | Killed an orb of fire
 65649 | Zot:4    | Gained mutation: You tend to lose your temper in combat.
                  | [an orb of fire]
 65660 | Zot:4    | Gained mutation: Armour fits poorly on your strangely
                  | shaped body. [an orb of fire]
 65668 | Zot:4    | Killed an orb of fire
 65668 | Zot:4    | Received a gift from Okawaru
 65780 | Zot:4    | Lost mutation: You are very dopey. (Int -4) [potion of
                  | mutation]
 65780 | Zot:4    | Lost mutation: You occasionally shout uncontrollably at
                  | your foes. [potion of mutation]
 65780 | Zot:4    | Lost mutation: Armour fits poorly on your strangely shaped
                  | body. [potion of mutation]
 65780 | Zot:4    | Lost mutation: You tend to lose your temper in combat.
                  | [potion of mutation]
 65784 | Zot:5    | Gained mutation: Your body often deteriorates upon taking
                  | damage. [an orb of fire]
 65803 | Zot:4    | Gained mutation: Scrolls take you longer to read. [an orb
                  | of fire]
 65805 | Zot:4    | Killed an orb of fire
 65833 | Zot:4    | Killed an orb of fire
 66120 | Zot:5    | Killed an ancient lich
 66200 | Zot:5    | Killed an ancient lich
 66507 | Zot:5    | Noticed an ancient lich
 66535 | Zot:5    | Killed an ancient lich
 66535 | Zot:5    | Received a gift from Okawaru
 66543 | Zot:5    | Noticed an ancient lich
 66548 | Zot:5    | Noticed an ancient lich
 66564 | Zot:5    | Killed an ancient lich
 66578 | Zot:5    | Killed an ancient lich
 66858 | Zot:5    | Received a gift from Okawaru
 67101 | Zot:5    | Noticed an ancient lich
 67116 | Zot:5    | Killed an ancient lich
 67579 | Zot:5    | Got the Orb of Zot
 67824 | Depths:4 | Noticed Uscharoha the pandemonium lord
 67827 | Depths:4 | Paralysed by a floating eye for 4 turns
 67930 | D:14     | Noticed a seraph
 68232 | D:1      | Lost mutation: Your body often deteriorates upon taking
                  | damage. [potion of mutation]
 68232 | D:1      | Lost mutation: Your body sometimes deteriorates upon taking
                  | damage. [potion of mutation]
 68232 | D:1      | Lost mutation: Scrolls take you longer to read. [potion of
                  | mutation]
 68232 | D:1      | Gained mutation: You have sharp fingernails. [potion of
                  | mutation]
 68232 | D:1      | Gained mutation: You are robust. (+10% HP) [potion of
                  | mutation]
 68232 | D:1      | Gained mutation: You are very robust. (+20% HP) [potion of
                  | mutation]
 68232 | D:1      | Gained mutation: You are agile. (Dex +2) [potion of
                  | mutation]
 68233 | D:1      | Lost mutation: You are agile. (Dex +2) [potion of mutation]
 68233 | D:1      | Lost mutation: Scrolls take you a little longer to read.
                  | [potion of mutation]
 68233 | D:1      | Lost mutation: You are dopey. (Int -2) [potion of mutation]
 68233 | D:1      | Gained mutation: Your magical capacity is low. (-10% MP)
                  | [potion of mutation]
 68233 | D:1      | Gained mutation: Your mind is acute. (Int +2) [potion of
                  | mutation]
 68233 | D:1      | Gained mutation: Your mind is very acute. (Int +4) [potion
                  | of mutation]
 68253 | D:1      | Noticed a seraph
 68254 | D:$      | Escaped with the Orb!

Illustrated notes

Levels and vault maps discovered:
D:1:      dpeg_arrival_pits, layout_basic, serial_rivers,
          chequers_serial_rivers_small_a, chequers_serial_rivers_micro_c,
          chequers_serial_rivers_micro_c, chequers_serial_rivers_marsh,
          chequers_serial_rivers_small_3
D:2:      layout_basic, minmay_misc_feat_columns
D:3:      layout_basic, first_ration, uniq_crazy_yiuf_cottage, uniq_grinder
D:4:      layout_gridville, nicolae_overflow_hidden_temple,
          grunt_temple_overflow_open, minmay_temple_entry_glassed_door,
          dk_noncrumbling_4, chequers_serial_rivers_large_b, skrybe_limestone_x
D:5:      layout_loops_cross, serial_shops, shop, serial_bayou_ford_a
D:6:      layout_cave_pods, enter_ossuary_1, uniq_pikel, uniq_maggie,
          uniq_duvessa
D:7:      layout_gridville, xom_confusion_cloud, lemuel_doored_altar,
          basic_altar, grunt_livestock, nicolae_ru_the_path_less_chosen
D:8:      layout_rooms, david_lair_shrubbed, worms_lemuel
D:9:      layout_cave_pools, nicolae_dithmenos_shadow_blocks
D:10:     layout_grid_maze
D:11:     wander_river, layout_gridville, erik_orc_2, gauntlet_entry_generic,
          hangedman_abyss_or_decor_stabs
D:12:     layout_small_grid, st_stairs_10, nicolae_gozag_seed_capital
D:13:     layout_roguey, uniq_nessos, uniq_rupert
D:14:     doesnt_quadruple_sword, layout_long_grid, david_vaults_3,
          nrook_pool_corridor, serial_shops, shop, minmay_ruined_shrine
D:15:     gammafunk_enter_depths_forms, layout_irregular_city, serial_ice,
          serial_ice_k, serial_ice_c, serial_ice_m, serial_ice_o, serial_shops,
          shop, zin_angel
Temple:   eino_wide_crystal_templ
Lair:1:   layout_roguey
Lair:2:   layout_cave_pods, grunt_forest_small_clearings, uniq_sonja
Lair:3:   layout_cave_shapes, swamp_mist_pool, nicolae_volcano_entry_s_turn,
          gammafunk_ghost_cemetery, lemuel_fruit_fields
Lair:4:   layout_hall_layers, spider_nest_entry_web_field
Lair:5:   layout_roguey, nicolae_slime_entry_slimehenge, uniq_kirke
Lair:6:   cheibrodos_lair_end_hotspot, layout_regular_city
Swamp:1:  layout_basic_swamp, evilmike_swamp_ruin_house_1, swamp_pool1,
          uniq_frances
Swamp:2:  layout_basic_swamp, serial_swamp_ruin, evilmike_swamp_ruin_house_4,
          evilmike_swamp_ruin_house_6, evilmike_swamp_ruin_rubble_1,
          infiniplex_staircase_pool_2
Swamp:3:  layout_basic_swamp, evilmike_swamp_ruin_house_5, swamp_pool1,
          st_swamp_mini
Swamp:4:  swamp_vile, layout_basic_swamp
Spider:1: mumra_spider_spiderweb
Spider:2: nicolae_spider_mines_3, hangedman_spider_tarantella_strand
Spider:3: layout_spider_delve, uniq_arachne
Spider:4: spider_rune_water, nicolae_looking_at_the_future
Orc:1:    layout_diamond_mine, serial_shops, shop,
          nicolae_shop_overgrown_old_shop, nicolae_shop_crystal, uniq_josephine
Orc:2:    st_orc_ogre_mass, layout_caves, serial_shops, freezing_bzr
Vaults:1: v_misc_25, vaults_dpeg_doors, nicolae_vaults_rhombus_6,
          grunt_vaults_swirl, ontoclasm_vaults_eye, vaults_dpeg_ring,
          nicolae_vaults_ring_of_whatevers, nicolae_vaults_border_crossing,
          layout_vaults_omnigrid, serial_shops, shop_statue, shop_statue, shop
Vaults:2: hangedman_vaults_trim, v_misc_30, ontoclasm_vaults_misaligned,
          v_misc_4, hangedman_vaults_hat, st_more_cells, nicolae_vaults_big_ls,
          vaults_mumra_minichess_inversion, vaults_room_octagon,
          nicolae_vaults_circle_grid_a, v_misc_8, nicolae_vaults_rhombus_6,
          nicolae_vaults_back_hallway, ontoclasm_vaults_twist,
          layout_vaults_omnibox, serial_shops, shop_fountains,
          nicolae_shop_stone, shop
Vaults:3: ploomutoo_gammafunk_vaults_ghost_potion_laboratory, v_misc_29,
          nicolae_vaults_gold_heap, st_greater_box_2,
          minmay_crypt_entry_necro_gods, hangedman_vaults_unwind,
          vaults_mumra_chevron, v_rooms_4, v_misc_4, v_misc_27,
          ontoclasm_vaults_ring_square, v_misc_19, vaults_dpeg_spiral,
          layout_vaults_maze_bifur, uniq_margery
Vaults:4: grunt_vaults_twisty, hangedman_vaults_variations,
          nicolae_vaults_fighting_squares, ontoclasm_vaults_fault, v_misc_30,
          v_rooms_6, vaults_mumra_hex, nicolae_vaults_theta, v_misc_24,
          layout_vaults_big_room, uniq_xtahua, uniq_frederick, uniq_mara
Vaults:5: uniq_boris
Depths:1: layout_long_grid, minmay_holes, hell_entry, serial_shops, shop,
          rand_demon_pan_entry_1, minmay_misc_feat_more_columns,
          serial_sigils_hangedman_leer, kilobyte_mutagenic_chamber
Depths:2: box_level_dp, hell_entry
Depths:3: grunt_crosshair, layout_cave_pools, hangedman_decor_clover_reticule,
          grunt_metal_band, grunt_pan_entry_spiral, firewood_loft,
          minmay_staircase_windowed_large
Depths:4: cheibrodos_lost_city_excavation, layout_gridville, hell_entry,
          minmay_room_of_horrors, infiniplex_staircase_pool_1
Depths:5: grunt_zot_entry_pinwheel, layout_cave_pools, pf_dread_powers_of_hell,
          gammafunk_ghost_ooze, special_room [special_room_jelly],
          serial_sigils_hangedman_scar, minivault_15, minmay_misc_feat_rugged,
          grunt_ministairs_2
Zot:1:    layout_basic, grunt_megastairs_2
Zot:2:    kennysheep_ambush_hall, layout_basic
Zot:3:    layout_onion_interference
Zot:4:    lemuel_halls_of_wrath, layout_gridlike
Zot:5:    layout_twisted_circle, st_stairs_9, nicolae_zot_crop_circle

Skill      XL: |  1  2  3  4  5  6  7  8  9 10 11 12 13 14 15 16 17 18 19 20 21 22 23 24 25 26 27 |
---------------+----------------------------------------------------------------------------------+-----
Maces & Flails | 3 4 5 6 7 8 9 11 12 13 15 16 17 18 19 20 22 23 24 26 27 | 27.0
Fighting       | 4 5 6 7 8 9 10 11 12 13 14 15 16 17 18 19 20 21 22 23 26 27 | 27.0
Dodging        | 2 3 4 6 7 8 9 10 11 14 | 14.1
Armour         | 4 5 7 8 9 11 12 13 14 15 20 23 | 23.8
Shields        | 4 5 6 8 10 11 12 13 14 15 | 15.0
Invocations    | 1 5 8 |  8.0

Action                   |  1- 3 |  4- 6 |  7- 9 | 10-12 | 13-15 | 16-18 | 19-21 | 22-24 | 25-27 || total
-------------------------+-------+-------+-------+-------+-------+-------+-------+-------+-------++-------
Melee: Flail             |   127 |   190 |   494 |  1066 |   287 |       |       |       |       ||  2164
       Unarmed           |       |       |       |     4 |       |       |       |       |       ||     4
       Punch             |       |       |       |     2 |     1 |       |       |       |       ||     3
       Morningstar       |       |       |       |       |   544 |       |       |       |       ||   544
       Eveningstar       |       |       |       |       |   196 |       |       |       |       ||   196
       Demon whip        |       |       |       |       |   469 |   969 |  1715 |  1837 |  2145 ||  7135
       Mace              |       |       |       |       |    60 |   934 |       |       |       ||   994
Invok: Heroism           |       |       |     1 |    11 |    20 |    13 |    11 |     9 |     5 ||    70
       Finesse           |       |       |       |       |       |       |     2 |     4 |     2 ||     8
 Abil: Fly               |       |       |       |       |     1 |       |       |     1 |       ||     2
       Stop Flying       |       |       |       |       |       |       |       |     1 |       ||     1
Evoke: Wand              |       |       |       |    11 |     9 |       |     2 |       |     4 ||    26
  Use: Scroll            |       |     5 |     9 |    16 |    13 |    13 |     6 |    12 |    11 ||    85
       Potion            |       |     1 |     1 |     4 |     5 |       |     5 |     2 |     6 ||    24
 Stab: Invisible         |       |       |     3 |     4 |     3 |       |       |       |       ||    10
       Confused          |       |       |       |       |       |     2 |       |       |       ||     2
       Held in net/web   |       |       |       |       |       |     1 |       |       |       ||     1
       Distracted        |       |       |       |       |       |       |       |     1 |       ||     1
  Eat: Chunk             |     1 |     7 |     7 |    20 |    26 |    17 |    26 |    16 |    13 ||   133
       Ration            |       |       |     2 |     4 |     6 |     6 |       |     2 |     8 ||    28
Armor: Scale mail        |   100 |   149 |   211 |       |       |       |       |       |       ||   460
       Plate armour      |       |       |    60 |   637 |       |       |       |       |       ||   697
       Chain mail        |       |       |       |    61 |    99 |       |       |       |       ||   160
       Fire dragon scale |       |       |       |       |   352 |   204 |       |       |       ||   556
       Crystal plate arm |       |       |       |       |    36 |   727 |   464 |   675 |   893 ||  2795
       Skin              |       |       |       |       |    26 |       |       |       |       ||    26
Dodge: Dodged            |    76 |    99 |   246 |   505 |   483 |   466 |   283 |   376 |   393 ||  2927
Block: Kite shield       |    13 |       |       |       |   783 |  1821 |   905 |  1147 |  1254 ||  5923
       Reflection        |       |       |       |       |     9 |    30 |    47 |    54 |    31 ||   171
